[Event "Titled Tuesday Blitz May 17 Early 2022"]
[White "Kobo, Ori"]
[Black "Tasev, Dejan"]
[WhiteFideId "2812320"]
[BlackFideId "936618"]
[WhiteElo "2420"]
[BlackElo "2253"]
[Result "1-0"]
[Round "04"]
[TimeControl "180+1"]
[Date "2022.05.17"]
[WhiteClock "0:00:07"]
[BlackClock "0:00:16"]

1. d4 Nf6 2. c4 g6 3. Nc3 Bg7 4. e4 d6 5. Be2 O-O 6. h4 c5 7. d5 b5 8. cxb5 a6 9. a4 axb5 10. Bxb5 Nbd7 11. Nf3 Ba6 12. Bd2 h5 13. O-O Ng4 14. Qe2 Bb7 15. Bg5 Nge5 16. Nd2 Nf6 17. f3 Qc7 18. Rfc1 Rfb8 19. Nd1 Qb6 20. Ne3 Ba6 21. Bxa6 Qxa6 22. Qxa6 Rxa6 23. Nec4 Nd3 24. Rcb1 Nb4 25. a5 Kf8 26. Ra4 Nd7 27. b3 Ne5 28. Nxe5 Bxe5 29. Nc4 Bd4+ 30. Kf1 f6 31. Bd2 Ke8 32. Ke2 Kd7 33. Bxb4 cxb4 34. Kd3 Bc5 35. Rba1 Rg8 36. Ke2 g5 37. hxg5 Rxg5 38. Kf1 h4 39. R1a2 Rg3 40. Nd2 h3 41. gxh3 Rxh3 42. Ke2 Rh2+ 43. Kd3 Rh3 44. Ra1 Kc7 45. Rf1 Kb7 46. Nc4 Ra8 47. Ne3 Ka6 48. Nf5 Rg8 49. Ra2 Kb5 50. Nxe7 Rgg3 51. Ra4 Rxf3+ 52. Rxf3 Rxf3+ 53. Kc2 Rf2+ 54. Kb1 Re2 55. a6 Re1+ 56. Kc2 Rxe4 57. a7 Bxa7 58. Rxa7 Re2+ 59. Kd3 Rb2 60. Rb7+ Kc5 61. Rc7+ Kb5 62. Rc6 Rxb3+ 63. Kc2 Rc3+ 64. Rxc3 bxc3 65. Kxc3 Kc5 66. Kd3 f5 67. Ke3 f4+ 68. Kxf4 Kd4 69. Kf5 Kc5 70. Ke6 1-0


[Site "https://www.chess.com"]

[Event "Titled Tuesday Blitz May 17 Early 2022"]
[White "Krishna, C R G"]
[Black "Deac, Bogdan-Daniel"]
[WhiteFideId "5018625"]
[BlackFideId "1226380"]
[WhiteElo "2332"]
[BlackElo "2648"]
[Result "1-0"]
[Round "04"]
[TimeControl "180+1"]
[Date "2022.05.17"]
[WhiteClock "0:00:12"]
[BlackClock "0:00:03"]

1. d4 Nf6 2. Nf3 d5 3. e3 g6 4. c4 Bg7 5. cxd5 O-O 6. Be2 b6 7. O-O Bb7 8. Qc2 Nxd5 9. a3 Nf6 10. Nc3 c5 11. dxc5 bxc5 12. Rd1 Nbd7 13. e4 Qc7 14. Bg5 Ne5 15. Bh4 Rad8 16. Bg3 Nfg4 17. Nxe5 Nxe5 18. Nd5 Bxd5 19. exd5 Qb6 20. Rac1 Nd7 21. b4 Bd4 22. Bg4 f5 23. Bf3 Qf6 24. Bf4 g5 25. Be3 Bxe3 26. fxe3 cxb4 27. axb4 Ne5 28. Be2 Rd6 29. Qc5 a6 30. Qd4 Rfd8 31. Rc7 Rxd5 32. Qxd5+ Rxd5 33. Rxd5 Qb6 34. Rc8+ Kg7 35. Rxe5 Qxb4 36. Re8 Qe1+ 37. Bf1 f4 38. exf4 Qb4 39. R8xe7+ Kf8 40. fxg5 Qd4+ 41. Kh1 a5 42. Re8+ Kf7 43. R8e6 a4 44. Rf6+ Kg7 45. Re7+ Kg8 46. Rc7 a3 47. Bc4+ 1-0


[Site "https://www.chess.com"]

[Event "Titled Tuesday Blitz May 17 Early 2022"]
[White "Lopez, Henry"]
[Black "Ohanyan, Emin"]
[WhiteFideId "5203830"]
[BlackFideId "13312022"]
[WhiteElo "2177"]
[BlackElo "1927"]
[Result "0-1"]
[Round "04"]
[TimeControl "180+1"]
[Date "2022.05.17"]
[WhiteClock "0:00:01"]
[BlackClock "0:00:09"]

1. d4 Nf6 2. Nf3 d5 3. c4 c6 4. Nc3 e6 5. Bg5 h6 6. Bh4 dxc4 7. e4 g5 8. Bg3 b5 9. Be2 Bg7 10. e5 Nd5 11. Ne4 O-O 12. h4 g4 13. Nfg5 f5 14. exf6 Nxf6 15. Nxf6+ Qxf6 16. Qc2 hxg5 17. Bxg4 Qxd4 18. hxg5 Qxg4 19. Qg6 Qf5 20. Qh5 e5 21. Rd1 Be6 22. Rh4 Bf7 23. Qe2 Nd7 24. Rd6 Nc5 25. Kf1 Qb1+ 26. Rd1 Bg6 0-1


[Site "https://www.chess.com"]

[Event "Titled Tuesday Blitz May 17 Early 2022"]
[White "Manukyan, Sargis A."]
[Black "Sarana, Alexey"]
[WhiteFideId "13303970"]
[BlackFideId "24133795"]
[WhiteElo "2187"]
[BlackElo "2666"]
[Result "0-1"]
[Round "04"]
[TimeControl "180+1"]
[Date "2022.05.17"]
[WhiteClock "0:00:08"]
[BlackClock "0:00:56"]

1. f3 e5 2. e4 Nf6 3. Nc3 Nc6 4. Bc4 Bc5 5. Nge2 a6 6. Nd5 Nxd5 7. exd5 Qh4+ 8. g3 Qxc4 9. dxc6 dxc6 10. d3 Qd5 11. Nc3 Qd4 12. Qe2 O-O 13. Bd2 Be6 14. O-O-O Rae8 15. Rde1 Bd5 16. Ne4 Bxa2 17. Bc3 Qd5 18. f4 Bd4 19. fxe5 Rxe5 20. Rhf1 Bxc3 21. bxc3 Qa5 22. Kd2 f5 23. Qf2 h6 24. Qf4 Rfe8 25. Nf6+ gxf6 26. Qxh6 Bf7 27. Qxf6 Rxe1 28. Rxe1 Rxe1 29. Qg5+ Kf8 30. Qh6+ Ke7 31. Qg5+ Kd7 32. Kxe1 Qxc3+ 33. Kd1 Qa1+ 34. Kd2 Qe5 0-1


[Site "https://www.chess.com"]

[Event "Titled Tuesday Blitz May 17 Early 2022"]
[White "Martic, Ivan"]
[Black "Sanal, Vahap"]
[WhiteFideId "929301"]
[BlackFideId "6300545"]
[WhiteElo "2317"]
[BlackElo "2574"]
[Result "1/2-1/2"]
[Round "04"]
[TimeControl "180+1"]
[Date "2022.05.17"]
[WhiteClock "0:00:13"]
[BlackClock "0:00:03"]

1. d4 Nf6 2. Bg5 d6 3. Bxf6 exf6 4. e3 g6 5. g3 Bg7 6. Bg2 O-O 7. Ne2 c6 8. c4 f5 9. Nbc3 Nd7 10. O-O Nf6 11. Qd3 Re8 12. b4 h5 13. h4 Bd7 14. Rab1 a6 15. a4 Qe7 16. b5 axb5 17. axb5 Ne4 18. bxc6 bxc6 19. Rb7 Rab8 20. Rxb8 Rxb8 21. Nxe4 fxe4 22. Bxe4 g5 23. Bh7+ Kf8 24. Bf5 gxh4 25. gxh4 Bxf5 26. Qxf5 Qxh4 27. Ra1 Qg4+ 28. Qxg4 hxg4 29. Ra6 c5 30. Rxd6 Rb4 31. dxc5 Rxc4 32. c6 Ke7 33. Rd7+ Ke8 34. Nd4 Rxc6 35. Nxc6 Kxd7 36. Na5 Kd6 37. Nc4+ Kd5 38. Nd2 Bc3 39. Nf1 Ke4 40. Kg2 f5 41. Ng3+ Ke5 42. Nh5 Ke4 43. Ng3+ Ke5 44. Kf1 Ba5 45. Ke2 Bd8 46. Kd3 Bh4 47. Kd2 Ke6 48. Ke1 Ke5 49. Nh5 Ke4 50. Ke2 Kd5 51. Nf4+ Kd6 52. Nd3 Bg5 53. Nb2 Kd5 54. Nd1 Bf6 55. f3 g3 56. e4+ fxe4 57. fxe4+ Kxe4 58. Ne3 Bg5 59. Ng2 Bc1 60. Ne1 Bg5 61. Ng2 Bh6 62. Nh4 Kf4 63. Ng2+ Kg4 64. Kf1 Kh3 65. Kg1 Bg5 66. Kh1 Bd2 67. Kg1 Bb4 68. Kh1 Bc5 69. Nf4+ Kg4 70. Ng2 Kf3 71. Nh4+ Kf2 72. Ng2 Be7 73. Nh4 Bg5 74. Ng2 Kf3 75. Kg1 Bf6 76. Kf1 Bd4 77. Ne1+ Kg4 78. Kg2 Bf2 79. Nd3 Be3 80. Nb4 Bd2 81. Nc6 Be1 82. Ne5+ Kf5 83. Nf3 Bf2 84. Nd2 Kf4 85. Nf1 Be1 86. Nxg3 1/2-1/2


[Site "https://www.chess.com"]

[Event "Titled Tuesday Blitz May 17 Early 2022"]
[White "Martinez Alcantara, Jose Eduardo"]
[Black "Rohith Krishna S"]
[WhiteFideId "3805662"]
[BlackFideId "46617051"]
[WhiteElo "2690"]
[BlackElo "2117"]
[Result "1-0"]
[Round "04"]
[TimeControl "180+1"]
[Date "2022.05.17"]
[WhiteClock "0:00:50"]
[BlackClock "0:00:46"]

1. e4 e5 2. Nf3 Nc6 3. Bb5 a6 4. Ba4 Nf6 5. d3 b5 6. Bb3 Bc5 7. c3 d6 8. Bg5 h6 9. Bh4 Qe7 10. Nbd2 Bb6 11. Qe2 Be6 12. Nf1 a5 13. Ne3 a4 14. Nd5 Nxd5 15. Bxd5 Qd7 16. Bxe6 Qxe6 17. O-O O-O 18. Bg3 b4 19. a3 bxc3 20. bxc3 Bc5 21. Rfd1 Bb6 22. d4 exd4 23. cxd4 Na5 24. e5 Nb3 25. Rab1 Rfe8 26. Qb5 Ra5 27. Qb4 c5 28. dxc5 Bxc5 29. Qc3 Ra6 30. Re1 Qc8 31. exd6 Rxe1+ 32. Qxe1 Bxd6 33. Bxd6 Rxd6 34. Qb4 Qc2 35. Re1 Ra6 36. h3 Qd3 37. Re8+ Kh7 38. Ne5 Qd5 39. Qf8 Qd1+ 40. Kh2 1-0


[Site "https://www.chess.com"]

[Event "Titled Tuesday Blitz May 17 Early 2022"]
[White "Meshkovs, Nikita"]
[Black "Jakubowski, Krzysztof"]
[WhiteFideId "11602740"]
[BlackFideId "1112848"]
[WhiteElo "2506"]
[BlackElo "2365"]
[Result "1-0"]
[Round "04"]
[TimeControl "180+1"]
[Date "2022.05.17"]
[WhiteClock "0:01:26"]
[BlackClock "0:01:40"]

1. e4 c5 2. Nf3 d6 3. Bb5+ Bd7 4. a4 g6 5. O-O Bg7 6. Re1 Nf6 7. Nc3 O-O 8. e5 dxe5 9. Nxe5 Bf5 10. Qf3 Qc8 11. d3 Nbd7 12. Nxd7 Bxd7 13. Rxe7 Bg4 14. Qxb7 Qf5 15. Bc4 Nh5 16. Rxf7 1-0


[Site "https://www.chess.com"]

[Event "Titled Tuesday Blitz May 17 Early 2022"]
[White "Mitrabha, Guha"]
[Black "Abdusattorov, Nodirbek"]
[WhiteFideId "5057000"]
[BlackFideId "14204118"]
[WhiteElo "2468"]
[BlackElo "2663"]
[Result "0-1"]
[Round "04"]
[TimeControl "180+1"]
[Date "2022.05.17"]
[WhiteClock "0:00:38"]
[BlackClock "0:01:48"]

1. d4 Nf6 2. c4 g6 3. g3 c6 4. Bg2 d5 5. Nf3 Bg7 6. O-O O-O 7. Qb3 dxc4 8. Qxc4 b5 9. Qc2 Bf5 10. Qd1 Nbd7 11. Nc3 Qb6 12. Bf4 Rfd8 13. Rc1 Rac8 14. Re1 Ne4 15. Qb3 Nxc3 16. bxc3 Be6 17. Qb2 c5 18. e4 cxd4 19. cxd4 Bc4 20. Bf1 Bxf1 21. Kxf1 b4 22. Kg2 h6 23. h4 a5 24. a3 b3 25. a4 Qb4 26. Bc7 Re8 27. Re3 Nc5 28. Qb1 Rxc7 29. dxc5 b2 30. Rc2 Rxc5 31. Rxc5 Qxc5 32. e5 Rb8 33. e6 f5 34. Re1 Qc6 35. h5 Rb3 36. Qd1 b1=Q 37. Qd8+ Bf8 38. Rxb1 Qxf3+ 0-1


[Site "https://www.chess.com"]

[Event "Titled Tuesday Blitz May 17 Early 2022"]
[White "Moksh Amit Doshi"]
[Black "Keymer, Vincent"]
[WhiteFideId "25064967"]
[BlackFideId "12940690"]
[WhiteElo "2245"]
[BlackElo "2548"]
[Result "1-0"]
[Round "04"]
[TimeControl "180+1"]
[Date "2022.05.17"]
[WhiteClock "0:00:10"]
[BlackClock "0:00:06"]

1. d4 Nf6 2. c4 e6 3. Nf3 d5 4. Nc3 c6 5. Bg5 h6 6. Bxf6 Qxf6 7. Qb3 Nd7 8. e4 dxe4 9. Nxe4 Qf5 10. Bd3 Qa5+ 11. Nc3 e5 12. O-O exd4 13. Rfe1+ Be7 14. Nxd4 Nc5 15. Qd1 Qd8 16. Bf5 O-O 17. Bxc8 Rxc8 18. Nf5 Bg5 19. Qf3 Qd3 20. Qxd3 Nxd3 21. Re2 Rfd8 22. h4 Bf6 23. Ne4 Bxb2 24. Rd1 Kf8 25. Red2 g6 26. Nfd6 Rc7 27. Rxd3 b6 28. c5 Rcd7 29. R3d2 Ba3 30. cxb6 axb6 31. Nc4 Rxd2 32. Rxd2 Ra8 33. Nxb6 Ra6 34. Nc4 Be7 35. Rc2 Bxh4 36. g3 Be7 37. Ncd2 h5 38. Nb3 Kg7 39. Nec5 Ra8 40. Re2 Bf8 41. Kg2 g5 42. Nd7 Bd6 43. Nd4 Kg6 44. Nxc6 f6 45. Nd4 Rd8 46. Nb5 Bxg3 47. Nxf6 Bf4 48. Ne4 g4 49. Nbc3 h4 50. Rc2 h3+ 51. Kh1 Kf5 52. Re2 Rd3 53. Re1 Rd4 54. a4 Rc4 55. a5 Rc6 56. Ra1 Ra6 57. Ra4 Be5 58. Ne2 Rc6 59. N2g3+ Kg6 60. Nf1 Rc1 61. Nd2 Kg5 62. a6 Bf4 63. a7 Bxd2 64. a8=Q Rxf1+ 65. Kh2 Rxf2+ 66. Kg1 Rg2+ 67. Kf1 Kh4 68. Qh8+ Kg3 69. Qe5+ Kh4 70. Qh8+ Kg3 71. Qe5+ Kh4 72. Qe4 Bg5 73. Ra3 Kh5 74. Qh7+ Bh6 75. Ra6 g3 76. Qxh6+ Kg4 77. Ra4+ Kf3 78. Qf6+ Ke3 79. Qe5+ Kd3 80. Rd4+ Kc3 81. Qc5+ Kb3 82. Rb4+ Ka3 83. Qa5# 1-0


[Site "https://www.chess.com"]

[Event "Titled Tuesday Blitz May 17 Early 2022"]
[White "Nakamura, Hikaru"]
[Black "Maximov, Dmitry"]
[WhiteFideId "2016192"]
[BlackFideId "14105659"]
[WhiteElo "2850"]
[BlackElo "2494"]
[Result "1-0"]
[Round "04"]
[TimeControl "180+1"]
[Date "2022.05.17"]
[WhiteClock "0:00:23"]
[BlackClock "0:00:07"]

1. Nf3 Nf6 2. b3 g6 3. Bb2 Bg7 4. d4 O-O 5. e3 d6 6. Be2 Nfd7 7. O-O e5 8. c4 Nc6 9. dxe5 dxe5 10. Nc3 e4 11. Nd4 Nxd4 12. exd4 Re8 13. c5 Nf6 14. Bc4 Bg4 15. Qc2 Bf5 16. Qd2 Ng4 17. Nd1 Qh4 18. h3 Nf6 19. Ne3 Bxh3 20. gxh3 Qxh3 21. Ng2 Bh6 22. Qc3 e3 23. d5 exf2+ 24. Rxf2 Qxc3 25. Bxc3 Ne4 26. Rf3 Nxc3 27. Rxc3 Bg7 28. Rac1 Bd4+ 29. Kf1 Bxc3 30. Rxc3 Re5 31. Ne3 Rae8 32. Kf2 h5 33. Be2 Kg7 34. Bf3 f5 35. Nc4 Re1 36. d6 cxd6 37. Nxd6 R8e7 38. Nxb7 Ra1 39. Rc2 Rc7 40. c6 g5 41. Nd6 Kg6 42. Nb5 Rc8 43. Nxa7 Rc7 44. Nb5 Rc8 45. c7 g4 46. Bb7 Rxc7 47. Nxc7 h4 48. b4 Kg5 49. b5 h3 50. Ne6+ Kh4 51. Nf4 g3+ 52. Ke3 Re1+ 53. Re2 Rb1 54. Bc6 Rb4 55. a4 Rxa4 56. b6 Ra3+ 57. Kd4 Rb3 58. b7 Kg4 59. Nxh3 Kxh3 60. Re8 g2 61. Bxg2+ Kxg2 62. b8=Q Rxb8 63. Rxb8 f4 64. Ke4 f3 65. Rg8+ 1-0


[Site "https://www.chess.com"]

[Event "Titled Tuesday Blitz May 17 Early 2022"]
[White "Paravyan, David"]
[Black "Oganian, Miran"]
[WhiteFideId "4194985"]
[BlackFideId "4122488"]
[WhiteElo "2569"]
[BlackElo "2357"]
[Result "0-1"]
[Round "04"]
[TimeControl "180+1"]
[Date "2022.05.17"]
[WhiteClock "0:00:27"]
[BlackClock "0:01:24"]

1. e4 e6 2. d4 d5 3. Nc3 Bb4 4. e5 c5 5. a3 Bxc3+ 6. bxc3 Ne7 7. Qg4 Qc7 8. Qxg7 Rg8 9. Qxh7 cxd4 10. Rb1 Nbc6 11. Nf3 dxc3 12. Bf4 Bd7 13. h4 d4 14. Ng5 Rf8 15. Ne4 b6 16. Nd6+ Kd8 17. Ba6 Be8 18. Qe4 Nd5 19. Bg5+ f6 20. Nxe8 Kxe8 21. exf6 Qe5 22. Qxe5 Nxe5 23. O-O Kf7 24. Rfe1 Ng4 0-1


[Site "https://www.chess.com"]

[Event "Titled Tuesday Blitz May 17 Early 2022"]
[White "Petrovskyi, Vadym"]
[Black "Grischuk, Alexander"]
[WhiteFideId "14165210"]
[BlackFideId "4126025"]
[WhiteElo "2400"]
[BlackElo "2762"]
[Result "1/2-1/2"]
[Round "04"]
[TimeControl "180+1"]
[Date "2022.05.17"]
[WhiteClock "0:00:13"]
[BlackClock "0:00:04"]

1. e4 e6 2. d4 d5 3. Nc3 Nf6 4. e5 Nfd7 5. f4 c5 6. Nf3 Nc6 7. Be3 cxd4 8. Nxd4 Qb6 9. Na4 Qa5+ 10. c3 Nxd4 11. Bxd4 b5 12. Nc5 Bxc5 13. b4 Bxb4 14. cxb4 Qxb4+ 15. Kf2 O-O 16. Rb1 Qa5 17. Bxb5 Nb6 18. Qd3 Bd7 19. Bxd7 Nxd7 20. Rhc1 Nb6 21. f5 exf5 22. Kg1 Qa4 23. Rf1 Qc4 24. Qe3 Qc2 25. e6 Qe4 26. Qf2 Qxe6 27. Rbe1 Qd7 28. Re3 f6 29. Qxf5 Qxf5 30. Rxf5 Rad8 31. Rd3 Nc4 32. Bxa7 Ne5 33. Rd2 Rf7 34. Bb6 Rb8 35. Bd4 Nc4 36. Rd1 Rd7 37. a4 Rb4 38. Ra1 Kf7 39. h4 Rd8 40. a5 Ke6 41. Rff1 Ne5 42. Bf2 d4 43. a6 Ra8 44. a7 Nc6 45. Ra6 Kd5 46. Rc1 Ne5 47. Ra5+ Ke4 48. Re1+ Kd3 49. Rd1+ Ke4 50. Re1+ Kf4 51. Rd1 Ke4 52. Re1+ 1/2-1/2


[Site "https://www.chess.com"]

[Event "Titled Tuesday Blitz May 17 Early 2022"]
[White "Sadhwani, Raunak"]
[Black "Guz, Ari"]
[WhiteFideId "35093487"]
[BlackFideId "2825759"]
[WhiteElo "2616"]
[BlackElo "1913"]
[Result "1-0"]
[Round "04"]
[TimeControl "180+1"]
[Date "2022.05.17"]
[WhiteClock "0:00:14"]
[BlackClock "0:00:08"]

1. d4 d5 2. Nf3 Nf6 3. e3 e6 4. Bd3 c5 5. b3 cxd4 6. exd4 Nc6 7. O-O Bd6 8. Bb2 O-O 9. Nbd2 a5 10. a3 b6 11. Qe2 Ne7 12. c4 Ba6 13. Rfc1 Ng6 14. c5 Nf4 15. Bxa6 Nxe2+ 16. Bxe2 bxc5 17. dxc5 Bc7 18. b4 axb4 19. axb4 Rxa1 20. Bxa1 Ne4 21. Nxe4 dxe4 22. Nd4 Be5 23. Rd1 Bxd4 24. Bxd4 Qb8 25. Bc3 Rd8 26. Rxd8+ Qxd8 27. b5 Qd5 28. c6 Qc5 29. Be1 Kf8 30. g3 e3 31. Kf1 Qd5 32. Kg1 Ke7 33. fxe3 Kd6 34. g4 Kc7 35. Ba5+ Kc8 36. Bc3 e5 37. Be1 f6 38. h3 Qa2 39. Kf2 Qb2 40. Ba5 Qa2 41. Bb4 Qb2 42. Bc5 Qc2 43. Ba7 Qa4 44. b6 Qxc6 45. Ba6+ Kd7 46. b7 Qxa6 47. b8=N+ Kc7 48. Nxa6+ Kb7 49. Bc5 Kxa6 50. Bf8 g6 51. Bg7 f5 52. gxf5 gxf5 1-0


[Site "https://www.chess.com"]

[Event "Titled Tuesday Blitz May 17 Early 2022"]
[White "Salem, A.R. Saleh"]
[Black "Papp, Levente"]
[WhiteFideId "9301348"]
[BlackFideId "751243"]
[WhiteElo "2679"]
[BlackElo "2308"]
[Result "1-0"]
[Round "04"]
[TimeControl "180+1"]
[Date "2022.05.17"]
[WhiteClock "0:01:45"]
[BlackClock "0:01:07"]

1. d4 e6 2. c4 Nf6 3. Nc3 Bb4 4. a3 Bxc3+ 5. bxc3 h6 6. f3 d5 7. cxd5 exd5 8. e3 O-O 9. Ne2 c5 10. g4 Nc6 11. Bg2 Re8 12. O-O Qa5 13. a4 b6 14. Bd2 Qa6 15. Nf4 g5 16. Ne2 Na5 17. Ng3 Qd3 18. Rf2 Qg6 19. Bf1 Bd7 20. Bc1 c4 21. Ra3 a6 22. h3 b5 23. axb5 Bxb5 24. Rxa5 1-0


[Site "https://www.chess.com"]

[Event "Titled Tuesday Blitz May 17 Early 2022"]
[White "Seo, Jung Min"]
[Black "Oparin, Grigoriy"]
[WhiteFideId "1734687"]
[BlackFideId "24125890"]
[WhiteElo "2401"]
[BlackElo "2665"]
[Result "0-1"]
[Round "04"]
[TimeControl "180+1"]
[Date "2022.05.17"]
[WhiteClock "0:00:54"]
[BlackClock "0:01:01"]

1. d4 Nf6 2. c4 c6 3. Nf3 d5 4. e3 e6 5. Nbd2 Nbd7 6. Bd3 a6 7. O-O b5 8. cxd5 cxd5 9. e4 dxe4 10. Nxe4 Bb7 11. Qe2 Be7 12. a4 b4 13. a5 O-O 14. Bd2 Nxe4 15. Bxe4 Bxe4 16. Qxe4 Nf6 17. Qc6 Qb8 18. Rfc1 Rc8 19. Qa4 Qb7 20. h3 Bd6 21. Ne1 h6 22. Nf3 Nd5 23. Rxc8+ Rxc8 24. Rc1 Kf8 25. Rxc8+ Qxc8 26. g3 f6 27. Kg2 Kf7 28. h4 h5 29. Ne1 Qc4 30. Qd7+ Be7 31. Nf3 Qc2 32. Qb7 Qxb2 33. Qxa6 Qa2 34. Qb5 b3 35. Bc1 Qc2 36. a6 Qxc1 37. Qxb3 Qc7 38. Qb7 Qxb7 39. axb7 Bd6 40. Nd2 Bb8 41. Nc4 Ke7 0-1


[Site "https://www.chess.com"]

[Event "Titled Tuesday Blitz May 17 Early 2022"]
[White "Shipov, Sergei"]
[Black "Lazavik, Denis"]
[WhiteFideId "4113624"]
[BlackFideId "13515110"]
[WhiteElo "2778"]
[BlackElo "2437"]
[Result "0-1"]
[Round "04"]
[TimeControl "180+1"]
[Date "2022.05.17"]
[WhiteClock "0:00:02"]
[BlackClock "0:00:01"]

1. d4 Nf6 2. c4 e6 3. Nc3 Bb4 4. Qc2 O-O 5. a3 Bxc3+ 6. Qxc3 d5 7. e3 b6 8. cxd5 Nxd5 9. Qc2 Bb7 10. Bd3 Nf6 11. Ne2 Nbd7 12. O-O c5 13. Rd1 Rc8 14. Nc3 h6 15. Qe2 cxd4 16. exd4 Nd5 17. Nb5 Ra8 18. Qg4 N7f6 19. Qg3 Nh5 20. Qe5 Nhf6 21. Nd6 Bc6 22. Bd2 Qd7 23. Rac1 Rfd8 24. Nc4 Ba4 25. Re1 Bb3 26. Qg3 Bxc4 27. Rxc4 Kf8 28. Rec1 Rac8 29. Rxc8 Rxc8 30. Rxc8+ Qxc8 31. Qd6+ Kg8 32. g3 Ne8 33. Qe5 Nef6 34. h4 Qb7 35. f3 h5 36. Kf2 g6 37. Bg5 Nh7 38. Bh6 Nhf6 39. Qd6 Qe7 40. Qb8+ Kh7 41. Bg5 Qd7 42. Qe5 Ne8 43. Bd2 Nef6 44. Qg5 Kg8 45. Ke2 Nh7 46. Qe5 Nhf6 47. Bh6 Ne8 48. Qb8 Ne7 49. Bg5 Nc6 50. Qa8 Nxd4+ 51. Kf2 Kh7 52. g4 Nc6 53. Be4 Qd4+ 54. Kg3 Qe5+ 55. Bf4 Qxb2 56. Qxc6 Nf6 57. Qb7 Kg7 58. g5 Nh7 59. Qxa7 Qd4 60. Qc7 Qg1+ 61. Kh3 Qh1+ 62. Bh2 Qf1+ 63. Kg3 Qe1+ 64. Kg2 Qe2+ 65. Kh1 Qf1+ 66. Bg1 Qh3+ 67. Qh2 Qf1 68. Qg3 Kg8 69. Kh2 Qe2+ 70. Qf2 Qd1 71. Qxb6 Qe1 72. Qb8+ Nf8 73. Bc5 Qxh4+ 74. Kg1 Qxg5+ 75. Kh2 Qxc5 76. a4 Qa3 77. Qe8 h4 78. Kh3 Qd6 79. a5 Qg3# 0-1


[Site "https://www.chess.com"]

[Event "Titled Tuesday Blitz May 17 Early 2022"]
[White "Sjugirov, Sanan"]
[Black "Levitskiy, Andrey"]
[WhiteFideId "4189302"]
[BlackFideId "14132885"]
[WhiteElo "2602"]
[BlackElo "2301"]
[Result "1-0"]
[Round "04"]
[TimeControl "180+1"]
[Date "2022.05.17"]
[WhiteClock "0:00:20"]
[BlackClock "0:00:02"]

1. Nf3 c5 2. c4 g6 3. d4 cxd4 4. Nxd4 Nc6 5. e4 Nf6 6. Nc3 d6 7. Be2 Nxd4 8. Qxd4 Bg7 9. Be3 O-O 10. Qd2 Be6 11. f3 Qa5 12. Rc1 Rfc8 13. b3 a6 14. Na4 Qxd2+ 15. Kxd2 Nd7 16. g4 f5 17. gxf5 gxf5 18. Rhg1 Kh8 19. Nc3 b5 20. Nd5 fxe4 21. fxe4 Bxd5 22. cxd5 Nc5 23. Rg4 b4 24. Rc4 Bc3+ 25. Kc2 Bf6 26. Bxc5 dxc5 27. Rf4 Ra7 28. Bg4 Rcc7 29. d6 exd6 30. Rxf6 Rf7 31. Rxd6 Rf2+ 32. Rd2 Raf7 33. Bf5 1-0


[Site "https://www.chess.com"]

[Event "Titled Tuesday Blitz May 17 Early 2022"]
[White "Solovchuk, Oleksiy"]
[Black "Xu, Yi"]
[WhiteFideId "14115220"]
[BlackFideId "8605564"]
[WhiteElo "2305"]
[BlackElo "2471"]
[Result "0-1"]
[Round "04"]
[TimeControl "180+1"]
[Date "2022.05.17"]
[WhiteClock "0:00:16"]
[BlackClock "0:00:23"]

1. e4 c5 2. Nf3 d6 3. d4 cxd4 4. Nxd4 Nf6 5. Nc3 a6 6. f3 e5 7. Nb3 Be7 8. Be3 Be6 9. Nd5 Nxd5 10. exd5 Bf5 11. Qd2 Nd7 12. a4 O-O 13. a5 Rc8 14. c4 e4 15. f4 Nc5 16. Nxc5 dxc5 17. Be2 Bh4+ 18. g3 Bf6 19. O-O Qd7 20. Rab1 Bh3 21. Rfd1 Qf5 22. b4 cxb4 23. Rxb4 h5 24. Rxb7 h4 25. c5 Qg6 26. Kf2 Bg4 27. Rb6 Qh5 28. Bxg4 Qxg4 29. Rg1 Rxc5 30. Bxc5 Qf3+ 31. Ke1 Bc3 32. Rb2 Bxd2+ 33. Rxd2 Rc8 34. Rf1 Qb3 35. d6 Rxc5 36. d7 Rc1+ 37. Ke2 Qc4+ 38. Ke3 Rc3+ 39. Kf2 Rf3+ 40. Kg2 Qxf1# 0-1


[Site "https://www.chess.com"]

[Event "Titled Tuesday Blitz May 17 Early 2022"]
[White "Svane, Rasmus"]
[Black "Izzat, Kanan"]
[WhiteFideId "4657101"]
[BlackFideId "13405209"]
[WhiteElo "2674"]
[BlackElo "2362"]
[Result "1-0"]
[Round "04"]
[TimeControl "180+1"]
[Date "2022.05.17"]
[WhiteClock "0:01:48"]
[BlackClock "0:02:31"]

1. Nf3 d5 2. g3 g6 3. Bg2 Bg7 4. d4 Nf6 5. O-O c6 6. c3 O-O 7. Re1 a5 8. a4 Ne4 9. Bf4 Qb6 10. Qc1 Re8 11. Nbd2 Nxd2 12. Qxd2 Bf5 13. Nh4 Be6 14. e4 dxe4 15. Bxe4 Nd7 16. Bg2 Rad8 17. Rxe6 fxe6 18. Qe2 Qb3 19. Ra3 Qb6 20. Qxe6+ Kh8 21. Rb3 Nf8 22. Nxg6+ hxg6 23. Qh3+ 1-0


[Site "https://www.chess.com"]

[Event "Titled Tuesday Blitz May 17 Early 2022"]
[White "Tatarinov, Dmitry"]
[Black "Shimanov, Aleksandr"]
[WhiteFideId "24160067"]
[BlackFideId "4198603"]
[WhiteElo "2302"]
[BlackElo "2605"]
[Result "0-1"]
[Round "04"]
[TimeControl "180+1"]
[Date "2022.05.17"]
[WhiteClock "0:00:35"]
[BlackClock "0:00:05"]

1. c4 Nf6 2. g3 c6 3. Nf3 d5 4. Qc2 g6 5. Bg2 Bg7 6. O-O O-O 7. d4 Bf5 8. Qb3 Qb6 9. Nc3 Rd8 10. Bf4 Na6 11. Rfc1 dxc4 12. Qxc4 Qb4 13. Qxb4 Nxb4 14. Rd1 Nfd5 15. Nxd5 Nxd5 16. Bd2 Be4 17. e3 Rac8 18. Rac1 c5 19. Rxc5 Rxc5 20. dxc5 Bxb2 21. Nd4 Bxg2 22. Kxg2 e5 23. Nb3 Nc3 24. Re1 Nxa2 25. Rb1 Bc3 26. Bxc3 Nxc3 27. Ra1 Ra8 28. Nd2 a5 29. Nc4 a4 30. Nb6 Ra5 31. Ra3 Rxc5 32. Nxa4 Nxa4 33. Rxa4 Rb5 34. Ra8+ Kg7 35. Rb8 Kf6 36. g4 Rb1 37. h4 h6 38. Rh8 Kg7 39. Re8 Rb4 40. Kg3 Rb5 41. Rb8 h5 42. g5 Rb4 43. Re8 Rb5 44. Rb8 f6 45. f4 exf4+ 46. exf4 Rb3+ 47. Kg2 fxg5 48. fxg5 Kf7 49. Rd8 Ke6 50. Rf8 Rb2+ 51. Kf3 Rb3+ 52. Ke2 Rb2+ 53. Kd3 Rh2 54. Rf6+ Ke5 55. Rxg6 Rxh4 56. Rb6 Kf5 57. g6 Rg4 58. Rxb7 Rxg6 59. Ke3 Kg4 60. Kf2 Kh3 61. Rb1 Kh2 62. Rb4 Rg4 63. Rb3 h4 64. Rb1 Rf4+ 65. Ke3 Rf7 66. Ra1 h3 67. Ra2+ Kg3 68. Ra8 Rg7 69. Ra1 h2 70. Ke4 Kg2 71. Ra2+ Kh3 72. Ra3+ Rg3 73. Ra1 Rg1 74. Ra3+ Kg4 0-1


[Site "https://www.chess.com"]

[Event "Titled Tuesday Blitz May 17 Early 2022"]
[White "Visakh N R"]
[Black "Tarigan, Gilbert Elroy"]
[WhiteFideId "25012223"]
[BlackFideId "7108133"]
[WhiteElo "2448"]
[BlackElo "1908"]
[Result "1-0"]
[Round "04"]
[TimeControl "180+1"]
[Date "2022.05.17"]
[WhiteClock "0:00:54"]
[BlackClock "0:00:09"]

1. c4 c6 2. Nf3 d5 3. b3 Nf6 4. Bb2 Bg4 5. e3 e6 6. Be2 Nbd7 7. O-O Bd6 8. cxd5 cxd5 9. Nc3 O-O 10. Nd4 Bxe2 11. Qxe2 a6 12. Rfc1 Rc8 13. f4 Qe7 14. Rc2 Bc5 15. Rac1 Bxd4 16. exd4 Qd6 17. Ne4 Qb8 18. Nc5 Nxc5 19. dxc5 Qxf4 20. Rc3 Ne4 21. R3c2 h6 22. d3 Ng5 23. Rf1 Qb4 24. a3 Qxb3 25. h4 Nh7 26. Rf3 Rc6 27. Be5 f6 28. Bd6 Re8 29. Rb2 Qxa3 30. Rxb7 Qa1+ 31. Kh2 Qa3 32. Rg3 g5 33. Qh5 1-0


[Site "https://www.chess.com"]

[Event "Titled Tuesday Blitz May 17 Early 2022"]
[White "Vovk, Orest"]
[Black "Xiong, Jeffery"]
[WhiteFideId "14113490"]
[BlackFideId "2047640"]
[WhiteElo "2203"]
[BlackElo "2727"]
[Result "0-1"]
[Round "04"]
[TimeControl "180+1"]
[Date "2022.05.17"]
[WhiteClock "0:01:18"]
[BlackClock "0:02:20"]

1. h4 e5 2. h5 d5 3. h6 Nxh6 4. d4 Ng4 5. f3 Nh6 6. Bxh6 gxh6 7. dxe5 Nc6 8. e4 Qg5 9. Nc3 Qg3+ 10. Ke2 Bc5 11. Qe1 Qxe5 12. Nxd5 Be6 13. Ne3 O-O-O 14. c3 Bxe3 15. Kxe3 Qc5+ 16. Ke2 Bc4# 0-1


[Site "https://www.chess.com"]